Cogmind - Beta 16.1 @@@ ROGUE MODE // 2026.04.19 @ 14:18:15 Player: Elxavo Result: Destroyed by 55-EYY(R) with Subdweller Machine Gun Performance ------------- Evolutions (0) 0 Regions Visited (3) 600 Robots Destroyed (24) 120 Value Destroyed (531) 531 Prototype IDs (0) 0 Alien Tech Used (0) 0 Bonus (0) 0 TOTAL SCORE: 1251 Bonus ------- None Cogmind --------- Core Integrity 0/250 Matter 262/300 Energy 160/160 System Corruption 0% Temperature Cool (0) Movement Walking (400) Ox4 Location -10/Subcaves Parts ------- > --- POWER (1) -------- Light Nuclear Core > --- PROPULSION (2) --- Aluminum Leg Aluminum Leg > --- UTILITY (2) ------ Huge Storage Unit > --- WEAPON (2) ------- Heavy Particle Cannon Grenade Launcher > --- INVENTORY (25) --- Light Nuclear Core Light Nuclear Core Aluminum Leg Aluminum Leg Aluminum Leg Aluminum Leg Heat Sink High-capacity Storage Unit Medium Battery (150) Structural Scanner Visual Processing Unit Experimental Sensor Array Particle Charger Improved Propulsion Shielding Weapon Shielding Particle Gun Particle Gun Assault Rifle Subdweller Machine Gun Subdweller Machine Gun Mining Laser Heavy Flail Peak State ------------ > --- POWER ------------ Subdweller Power Source > --- PROPULSION ------- Aluminum Leg Aluminum Leg > --- UTILITY ---------- Huge Storage Unit Seismic Detector > --- WEAPON ----------- Particle Gun Heavy Particle Cannon > --- INVENTORY -------- Light Ion Engine Light Nuclear Core Light Nuclear Core Light Nuclear Core Aluminum Leg Aluminum Leg Aluminum Leg Aluminum Leg Aluminum Leg Heat Sink High-capacity Storage Unit Medium Battery Structural Scanner Visual Processing Unit Experimental Sensor Array Particle Charger Improved Propulsion Shielding Weapon Shielding Particle Gun Assault Rifle Subdweller Machine Gun Subdweller Machine Gun Grenade Launcher Mining Laser Heavy Flail [Rating: 15] Favorites ----------- Power Ion Engine Engine Ion Engine Power Core Light Nuclear Core Propulsion Aluminum Leg Treads Light Treads Leg Aluminum Leg Utility Seismic Detector Device Seismic Detector Storage Huge Storage Unit Weapon Assault Rifle Energy Gun Particle Gun Energy Cannon Heavy Particle Cannon Ballistic Gun Assault Rifle Launcher Grenade Launcher Special Weapon Mining Laser Build | -11 -10 -10 -10 ------- Run | Yrd Mat Min Sub Slots Evolved . | . . . . Power . | . . . . Propulsion . | . . . . Utility . | . . . . Weapon . | . . . . Parts Attached 22 | 7 4 4 7 Power 6 | 1 1 1 3 Engine 5 | 1 1 1 2 Core 1 | . . . 1 Reactor . | . . . . Propulsion 6 | 2 . 2 2 Treads 2 | 2 . . . Leg 4 | . . 2 2 Wheel . | . . . . Hover . | . . . . Flight . | . . . . Utility 3 | 2 1 . . Device 1 | 1 . . . Storage 2 | 1 1 . . Processor . | . . . . Hackware . | . . . . Protection . | . . . . Artifact . | . . . . Weapon 7 | 2 2 1 2 Energy Gun 2 | 1 1 . . Energy Cannon 1 | . . 1 . Ballistic Gun 2 | 1 . . 1 Ballistic Cannon . | . . . . Launcher 1 | . . . 1 Special Weapon 1 | . 1 . . Impact Weapon . | . . . . Slashing Weapon . | . . . . Piercing Weapon . | . . . . Special Melee Weapon . | . . . . Unidentified Prototypes . | . . . . Parts Lost 6 | . 1 2 3 Power 3 | . 1 1 1 Propulsion 2 | . . 1 1 Utility 1 | . . . 1 Weapon . | . . . . Highest Loss Streak 3 | . 1 2 3 To Critical Strikes . | . . . . Average Backups 19 | 5 11 24 24 Power 3 | 1 2 3 3 Propulsion 4 | 2 3 6 4 Utility 6 | . 3 7 9 Weapon 4 | 1 2 5 6 Tool/Special . | . . . . Unused Backups 26 | . 3 5 18 Power 3 | . . 1 2 Propulsion 7 | . 2 2 3 Utility 10 | . . 1 9 Weapon 6 | . 1 1 4 Tool/Special . | . . . . Average Slot Usage (%) 99 | . 100 99 99 Engine 13 | . 14 13 13 Treads 12 | . 28 10 . Leg 15 | . . 16 28 Device 13 | . 14 14 13 Storage 14 | . 14 14 14 Energy Gun 10 | . 13 14 2 Energy Cannon 6 | . . 6 14 Ballistic Gun 10 | . 14 7 9 Peak Build Rating 15 | 7 10 14 15 Average Rating 11 | 5 7 11 14 On Entrance 7 | . 7 10 14 Avg Prop Armor Cover (%) . | . . . . Naked Turns . | . . . . Heaviest Build 96 | 14 91 93 96 Greatest Support 40 | 40 40 40 20 Greatest Overweight (x) 4 | 2 2 4 4 Average Overweight (x) 2 | . 1 3 4 Largest Inventory Capacity 25 | 8 25 25 25 Average Capacity 23 | 7 23 25 25 Most Carried 25 | 8 20 25 25 Average Carried 19 | 5 11 24 24 Final Capacity 25 | 8 25 25 25 Final Carried 25 | 8 20 25 22 Class Distribution -------------------- 100% | Mutant Dominant Class ---------------- Mutant | -10/Materials Mutant | -10/Mines Mutant | -10/Subcaves Resources | -11 -10 -10 -10 ----------- Run | Yrd Mat Min Sub Matter Collected 581 | 297 140 66 78 Remotely . | . . . . Salvage Created 706 | 116 307 93 190 Parts 56 | 8 22 8 18 Haulers Intercepted . | . . . . Recyclers Shooed . | . . . . Parts Field Recycled . | . . . . Retrieved Matter . | . . . . Parts Self-Destructed 3 | . . . 3 Prevented . | . . . . Parts Restored . | . . . . Kills | -11 -10 -10 -10 ------- Run | Yrd Mat Min Sub Combat Hostiles Destroyed 20 | . 9 6 5 Guns 15 | . 9 6 . Cannons 5 | . . . 5 Classes Destroyed 7 | 2 3 . 2 Tunneler 2 | 2 . . . Recycler 1 | 1 . . . Watcher 1 | . 1 . . Swarmer 10 | . 3 6 1 Grunt 6 | . 6 . . Sentry 1 | . . . 1 Subdweller 3 | . . . 3 Best Kill Streak 4 | 1 4 3 2 Combat Bots Only 4 | . 4 3 2 Max Kills in Single Turn 1 | 1 1 1 1 Gunslinging . | . . . . Exploded . | . . . . Melee . | . . . . Uniques/NPCs Destroyed . | . . . . Combat | -11 -10 -10 -10 -------- Run | Yrd Mat Min Sub Hostile Shots Fired 122 | . 50 26 46 Missed 34 | . 12 6 16 Hits 88 | . 38 20 30 Projectile 88 | . 38 20 30 Damage Taken 1189 | . 432 175 582 Core 257 | . 46 24 187 Absorbed by Shields . | . . . . Core Remaining (%) 100 | 100 . . . Volleys Fired 73 | 11 29 14 19 Largest 2 | 2 2 2 2 Hottest 140 | 60 100 85 140 Shots Fired 140 | 22 57 28 33 Gun 120 | 22 56 28 14 Cannon 18 | . . . 18 Launcher . | . . . . Special 2 | . 1 . 1 Kinetic 60 | 11 28 14 7 Thermal 80 | 11 29 14 26 Explosive . | . . . . Electromagnetic . | . . . . Robot Hit Streak 12 | 9 10 5 12 Robot Miss Streak 4 | 2 2 4 2 Penetration Max . | . . . . Secondary Targets 5 | . 3 2 . Max Gunslinging Chain 1 | . 1 1 . Shots Hit Robots 88 | 17 34 12 25 Core Hits 34 | 4 18 6 6 Critical Kills . | . . . . Critical Parts Destroyed . | . . . . Critical Strikes 3 | . . 1 2 Burn 3 | . . 1 2 Melee Attacks . | . . . . Impact . | . . . . Slashing . | . . . . Piercing . | . . . . Sneak Attacks . | . . . . Combat Hostiles . | . . . . Follow-up Attacks . | . . . . Damage Inflicted 1368 | 189 494 170 515 Guns 993 | 189 494 170 140 Cannons 375 | . . . 375 Explosions . | . . . . Melee . | . . . . Ramming . | . . . . Kinetic 448 | 107 240 41 60 Thermal 920 | 82 254 129 455 Explosive . | . . . . Electromagnetic . | . . . . Impact . | . . . . Slashing . | . . . . Piercing . | . . . . Highest Corruption . | . . . . Average Corruption . | . . . . Corruption Purged . | . . . . Corruption Blocked . | . . . . Overload Shots . | . . . . Overflow Damage . | . . . . Projectiles . | . . . . Explosions . | . . . . Melee . | . . . . Knockbacks . | . . . . Impact . | . . . . Kinetic . | . . . . Secondary . | . . . . Self-Inflicted Damage . | . . . . Shots . | . . . . Rammed . | . . . . Targets Rammed . | . . . . Kicked . | . . . . Crushed . | . . . . Highest Temperature 192 | . 144 192 81 Average Temperature 46 | . 37 69 32 Received Heat Transfer 249 | . 198 . 51 Siege Activations . | . . . . Martial Activations . | . . . . Shielding Activations . | . . . . Robots Disrupted . | . . . . Combat Hostiles . | . . . . Robots Corrupted . | . . . . Combat Hostiles . | . . . . Parts Fried . | . . . . Impact Corruptions . | . . . . Robots Melted . | . . . . Combat Hostiles . | . . . . Parts Melted 3 | . . 1 2 Heat Transferred 2043 | 200 585 370 888 Parts Sabotaged . | . . . . Parts Stolen . | . . . . Parts Stripped . | . . . . Power Chain Reactions . | . . . . Alert | -11 -10 -10 -10 ------- Run | Yrd Mat Min Sub Maximum Alert Level . | . . . . Low Security (%) 100 | 100 100 100 . Level 1 . | . . . . Level 2 . | . . . . Level 3 . | . . . . Level 4 . | . . . . Level 5 . | . . . . High Security . | . . . . Max Security . | . . . . Peak Influence 92 | 5 92 61 . Initial 11 | . . 11 . Average 9 | 1 16 4 . Influence Increases 449 | 15 254 140 40 Destroy 0b10 Robot/C 340 | . 180 120 40 Destroy 0b10 Robot/NC 20 | 15 5 . . Destroy Leader 72 | . 52 20 . Successful Hack 16 | . 16 . . Destroy Structure 1 | . 1 . . Influence Decreases 449 | 15 224 170 40 Entered New Map 19 | . . 19 . Time Decay 410 | 15 224 131 40 Lost Part 20 | . . 20 . Squads Dispatched 3 | . 2 1 . Investigation 2 | . 1 1 . Extermination . | . . . . Reinforcement 1 | . 1 . . Assault . | . . . . Garrison . | . . . . Intercept . | . . . . Searches Triggered . | . . . . Construction Impeded . | . . . . Haulers Reinforced . | . . . . Active Scanning Responses . | . . . . Cargo Convoy Interrupts . | . . . . Stealth | -11 -10 -10 -10 --------- Run | Yrd Mat Min Sub Distress Signals . | . . . . Communications Jammed . | . . . . Distress Signals . | . . . . Times Spotted 26 | . 13 6 7 Peak Tracking Total 3 | . 3 3 2 Tactical Retreats . | . . . . Traps | -11 -10 -10 -10 ------- Run | Yrd Mat Min Sub Traps Triggered . | . . . . Indirectly . | . . . . Trap Hack Attempts . | . . . . Triggered . | . . . . Disarmed . | . . . . Reprogrammed . | . . . . Reused . | . . . . Traps Extracted . | . . . . Installed . | . . . . Triggered . | . . . . Machines | -11 -10 -10 -10 ---------- Run | Yrd Mat Min Sub Machines Disabled . | . . . . Max in Single Turn . | . . . . Machines Repaired . | . . . . Machines Dismantled . | . . . . Machines Sabotaged . | . . . . Overloaded Fab Kills . | . . . . Hacking | -11 -10 -10 -10 --------- Run | Yrd Mat Min Sub Machines Accessed 4 | . 3 1 . Terminals 3 | . 3 . . Fabricators . | . . . . Repair Stations . | . . . . Recycling Units . | . . . . Scanalyzers . | . . . . Garrison Access . | . . . . Total Hacks 10 | . 9 1 . Successful 7 | . 6 1 . Failed 3 | . 3 . . Catastrophic 1 | . 1 . . Database Lockouts . | . . . . Manual . | . . . . Terminals 9 | . 9 . . Fabricators . | . . . . Repair Stations . | . . . . Recycling Units . | . . . . Scanalyzers . | . . . . Garrison Access . | . . . . Terminal Hacks 7 | . 6 1 . Open Door 1 | . . 1 . Locate Traps 3 | . 3 . . Recall Investigation 1 | . 1 . . Zone Layout 2 | . 2 . . Fabricator Hacks . | . . . . Repair Station Hacks . | . . . . Recycling Unit Hacks . | . . . . Scanalyzer . | . . . . Garrison Access Hacks . | . . . . Unauthorized Hacks . | . . . . Terminals . | . . . . Fabricators . | . . . . Repair Stations . | . . . . Recycling Units . | . . . . Scanalyzers . | . . . . Garrison Access . | . . . . Data Cores Recovered . | . . . . Used . | . . . . Hacking Detections 3 | . 3 . . Full Trace Events 2 | . 2 . . Feedback Events . | . . . . Feedback Blocked . | . . . . Robot Schematics Acquired . | . . . . Robots Built . | . . . . Authchips . | . . . . Time . | . . . . Total Robot Build Rating . | . . . . Part Schematics Acquired . | . . . . Parts Built . | . . . . Authchips . | . . . . Time . | . . . . Total Part Build Rating . | . . . . Part Studies Acquired . | . . . . Parts Repaired . | . . . . Time . | . . . . Parts Recycled . | . . . . Recycled Matter . | . . . . Retrieved Matter . | . . . . Retrieved Components . | . . . . Parts Scanalyzed . | . . . . Part Schematics Acquired . | . . . . Parts Damaged . | . . . . Bothacking | -11 -10 -10 -10 ------------ Run | Yrd Mat Min Sub Used RIF Installer . | . . . . Robots Hacked . | . . . . Non-combat . | . . . . Combat . | . . . . Robot Hacks Applied . | . . . . Relay Couplers Released . | . . . . Fabnet Peak Effective % . | . . . . Robots Rewired . | . . . . Allies Hacked . | . . . . Hacks Repelled . | . . . . Allies | -11 -10 -10 -10 -------- Run | Yrd Mat Min Sub Total Allies . | . . . . Largest Group . | . . . . Highest-Rated Group . | . . . . Highest-Rated Ally . | . . . . Total Orders . | . . . . Ally Attacks . | . . . . Total Damage . | . . . . Kills . | . . . . Allies Corrupted . | . . . . Allies Melted . | . . . . Intel | -11 -10 -10 -10 ------- Run | Yrd Mat Min Sub Active Infowar (turns) 4206 | 77 1296 1471 1362 Seismic 4206 | 77 1296 1471 1362 Robot Analysis Total . | . . . . Derelict Logs Recovered 1 | . . 1 . Drone Launches . | . . . . Drone Recoveries . | . . . . Exploration | -11 -10 -10 -10 ------------- Run | Yrd Mat Min Sub Turns Passed 4350 | 206 1296 1471 1377 Spaces Moved 1025 | 100 279 319 327 Core 8 | 8 . . . Treads 520 | 92 279 149 . Legs 497 | . . 170 327 Wheels . | . . . . Hover . | . . . . Flight . | . . . . Fastest Speed 50 | 50 160 320 400 Average Speed 329 | 155 270 363 400 Slowest Speed 480 | 160 320 480 400 Overloaded Moves . | . . . . Propulsion Burnouts . | . . . . Robots Hopped . | . . . . Potential Cave-ins . | . . . . Cave-ins Triggered . | . . . . Exploration Rate (%) 31 | 5 53 47 21 Regions Visited 3 Branch Regions 2 Pre-discovered Areas . | . . . . Known Exits Taken . | . . . . Unknown Exits Taken 3 | 1 1 1 . Scrap Searched 1 | . . 1 . Spaces Dug 1 | . 1 . . Terrain Destroyed 1 | . 1 . . Melee . | . . . . Projectile 1 | . 1 . . AOE . | . . . . Terrain Rammed . | . . . . Walls Destroyed . | . . . . Machines Disabled . | . . . . Actions | -11 -10 -10 -10 --------- Run | Yrd Mat Min Sub Total 1861 | 125 766 609 361 Wait 683 | . 430 253 . Move 1022 | 99 278 318 327 Hop . | . . . . Pick Up 41 | 8 18 13 2 Fast Attach 7 | 7 . . . Attach 6 | . 1 2 3 Detach . | . . . . Swap 13 | . 4 3 6 Drop 16 | . 6 6 4 Fire 73 | 11 29 14 19 Melee . | . . . . Ram . | . . . . Kick . | . . . . Crush . | . . . . Escape Stasis . | . . . . Rewire . | . . . . Trap . | . . . . Miscellaneous . | . . . . Route ------- -11/Scrapyard -10/Materials (discovered 2 exits: [*Mat] / *Min) -10/Mines -10/Subcaves History --------- Turn | Location | Event 2 | -11/Scrapyard | Met Revision 17 7 | -11/Scrapyard | Discovered new exit (range 14) 207 | -11/Scrapyard | Entered Materials 316 | -10/Materials | Build established: Mutant 1303 | -10/Materials | Discovered new exit (range 6) 1309 | -10/Materials | Discovered new exit (range 10) 1503 | -10/Materials | Entered Mines 1671 | -10/Mines | Learned 8 Materials zone layouts 2174 | -10/Mines | Found a damaged Exp. Sensor Array with a note attached 2182 | -10/Mines | Found Prototype Device 2309 | -10/Mines | Met a Derelict shopkeep closing up shop 2890 | -10/Mines | Discovered new exit (range 12) 2974 | -10/Mines | Entered Subcaves 3410 | -10/Subcaves | A swath of the cavern ceiling suddenly collapsed 4327 | -10/Subcaves | Ambushed by Subdwellers from Twisted Machinery 4339 | -10/Subcaves | Core integrity fell below 50% 4348 | -10/Subcaves | Core integrity fell below 20% 4351 | -10/Subcaves | Destroyed by 55-EYY(R) with Subdweller Machine Gun Last Messages --------------- 03187_ Dropped Lgt. Assault Rifle. 03192_ Acquired Sub. Machine Gun. 03200_ Subatomizers dissect the Sub. Optics. 03201_ Acquired Sub. Machine Gun. 03213_ Subatomizers dissect the Sub. Optics. 03218_ Dropped Lgt. Ion Engine. 03219_ Acquired 10 matter. 03227_ Subatomizers dissect the Lgt. Assault Rifle. 03265_ Subatomizers dissect the Disposable Heat Sink. A swath of the cavern ceiling suddenly collapses. 03503_ EK-L8A(R): "SUB#$%&!" 03576_ EK-L8A(R) destroyed. 03595_ Acquired 41 matter. 03600_ Acquired 7 matter. 04034_ Sub. Power Source shoots sparks and powers down. 04037_ Dropped Broken Sub. Power Source. 04327_ IV-DHH(R) emerges from the Twisted Machinery. 04332_ Aluminum Leg destroyed. 04336_ Seismic Detector destroyed. 04340_ Lgt. Ion Engine destroyed. Map ----- +----------------------------------------------------+ | ?????????????????????????????????????????????????? | | ?????????????????????????????????????????????????? | | ??#??????????????????????????????????????????????? | | ?? ????????????????????????????????????????????? | | ?? ????????#####???????????????????????????????? | | ? ????????# #???????????????????????????????? | | ? ??????#### #????????????????????????????????? | | ???##?# " #????????????????????????????????? | | #?## ###"& ##???????????????????????????????? | | ### ## "#???????????????????????????????? | | ## " " #???????????????????????????????? | | # #"" & ##???????????????????????????????? | | # ### " ###????????????????????????????????? | | ## #??????????????????????????????????? | | #??????????????????????????????????? | | ####???????????????????????????????? | | # # #### ####????????????????????????????? | | # ### #????????????????????????????? | | ## #????????????????????????????? | | # #????????????????????????????? | | ### ##????????????????????????????? | | ### #####?????????????????????????????? | | ##?????????????????????????????????? | | ###########?????????? ""?????????? | | #### ## ### # "?????????? | | ##??# @ R "?????????? | | #???## ## R""???????????? | | #????### ############ ""???????????? | | # ##??????####???????????##########"???????????? | | #####????????????????????????????????????????????? | | ?????????????????????????????????????????????????? | | ?????????????????????????????????????????????????? | | ?????????????????????????????????????????????????? | | ?????????????????????????????????????????????????? | | ?????????????????????????????????????????????????? | | ?????????????????????????????????????????????????? | | ?????????????????????????????????????????????????? | | ?????????????????????????????????????????????????? | | ?????????????????????????????????????????????????? | | ?????????????????????????????????????????????????? | | ?????????????????????????????????????????????????? | | ?????????????????????????????????????????????????? | | ?????????????????????????????????????????????????? | | ?????????????????????????????????????????????????? | | | | | | | | | | | | | +----------------------------------------------------+ Best States ------------- Heat Dissipation 25 Energy Generation 15 Energy Capacity 250 Matter Stores 300 Matter Capacity 300 Sight Range 16 Terrain Scan Density 10 Evasion (%) 40 Recoil Reduction 2 Item Schematics ----------------- None Robot Schematics ------------------ None Fabricated ------------ Nothing Repaired ---------- Nothing Studied --------- None Alien Tech Used ----------------- None Achievements -------------- None Challenges ------------ None Game ------ Seed GyrokineticBehemothShotgun Manual? 0 Play Time 00:23:59 Cumulative 78.6 hours Start 2026.04.19 @ 13:55:58 End 2026.04.19 @ 14:18:15 Sessions 1 Manual Loads 0 Difficulty Rogue Special Mode None Game No. 100 Rogue 100 Adventurer 0 Explorer 0 Win Type - Total 0 Types 0/0/0/0/0/0/0/0/0/0 Lore% 32 Gallery% 25 Achievement% 20 Wizard Run 0 Options --------- Layout 0 ASCII 0 Keyboard 0 Movement Mouse Keybinds 0 Fullscreen 1 Font 18/SmallcapsGlow Map View 76x50 Zoom Use 0% Tactical HUD 1 Map Filters NONE Filters LOW_CONTRAST(13,24,33) Steam 1 RUN: 5fa38878-8c55-4e48-9114-100271b11710